[Event "ICCopen2017"]
[Site "Internet Chess Club"]
[Date "2017.03.19"]
[Round "6"]
[White "simplerxiao"]
[Black "mirpele-murpele"]
[Result "1-0"]
[ICCResult "Black checkmated"]
[WhiteElo "1993"]
[BlackElo "2608"]
[Opening "two knights defense: Kieseritsky variation"]
[ECO "C58"]
[NIC "KP.01"]
[Time "20:13:41"]
[TimeControl "180+0"]

1. e4 e5 2. Nf3 Nc6 3. Bc4 Nf6 4. Ng5 d5 5. exd5 Na5 6. d3 Be7 7. O-O O-O 8.
Nc3 Nxc4 9. dxc4 Nxd5 10. Nxd5 Bxg5 11. Bxg5 Qxg5 12. Nxc7 Rd8 13. Qf3 Rb8
14. Nd5 Be6 15. Rad1 h6 16. Qg3 Qxg3 17. hxg3 Kf8 18. Rfe1 f6 19. f4 Rbc8
20. fxe5 Rxc4 21. Nf4 Rxd1 22. Rxd1 Bg4 23. Rd8+ Ke7 24. exf6+ gxf6 25. Rd2
h5 26. c3 b5 27. Rd5 a6 28. Nxh5 Be6 29. Rd2 Rc5 30. Nf4 Bf7 31. a3 a5 32.
Kf2 b4 33. axb4 axb4 34. cxb4 Rc4 35. Nd3 Bg6 36. Ke3 Bxd3 37. Kxd3 Rxb4 38.
Kc3 Rg4 39. Rd3 Ke6 40. b4 Rg8 41. Kc4 Rc8+ 42. Kb3 Ke5 43. b5 Ke4 44. Rd6
f5 45. Kb4 Rg8 46. Re6+ Kd4 47. Rd6+ Ke4 48. Rd2 Rxg3 49. b6 Ke3 50. Rc2
Rg4+ 51. Kb5 Kd3 52. Rf2 Ke4 53. b7 Rg8 54. Kb6 f4 55. Ka7 Ke3 56. Rf3+ Ke4
57. b8=Q Rxg2 58. Qb7+ Ke5 59. Qc6 Ra2+ 60. Kb7 Rb2+ 61. Kc7 Rd2 62. Qd6+
Ke4 63. Rxf4+ Ke3 64. Qe5+ Kd3 65. Rd4+ Kc2 66. Qc5+ Kd1 67. Rxd2+ Kxd2 68.
Kd6 Kd3 69. Kd5 Ke2 70. Qc4+ Kf2 71. Qc3 Kg2 72. Ke4 Kf2 73. Qf3+ Kg1 74.
Qe2 Kh1 75. Kf3 Kg1 76. Qg2# {Black checkmated} 1-0

[Event "ICCopen2017"]
[Site "Internet Chess Club"]
[Date "2017.03.19"]
[Round "6"]
[White "manusupergm2001"]
[Black "Montserrat"]
[Result "1-0"]
[ICCResult "Black forfeits on time"]
[WhiteElo "2114"]
[BlackElo "1879"]
[Opening "QGD semi-Slav: Bogolyubov variation"]
[ECO "D46"]
[NIC "SL.08"]
[Time "20:13:25"]
[TimeControl "180+0"]

1. e3 d5 2. d4 Nf6 3. c4 e6 4. Nc3 c6 5. Nf3 Nbd7 6. Bd3 Be7 7. O-O O-O 8.
e4 dxc4 9. Bxc4 b5 10. Bd3 Bb7 11. Bf4 Re8 12. Qc2 Nf8 13. Rad1 a5 14. Rfe1
Rc8 15. a3 b4 16. axb4 axb4 17. Na4 Qa5 18. b3 Red8 19. Bc4 c5 20. dxc5 Rxd1
21. Qxd1 Bxe4 22. Ng5 Bc6 23. Bd6 Bxd6 24. Qxd6 Bxa4 25. bxa4 Qxc5 26. Nxf7
Kxf7 27. Bxe6+ Nxe6 28. Qxe6+ Kf8 29. Qa6 Re8 30. Rf1 b3 31. Qb7 Qc2 32. a5
b2 33. a6 Ne4 34. a7 Qa4 35. Qxb2 Qxa7 36. Kh1 Kg8 37. f3 Nf6 38. Qb3+ Qf7
39. Qc3 h6 40. h3 Qe6 41. Qd2 Nh5 42. Qf2 Nf4 43. Qg3 Ne2 44. Qf2 Qe5 45. f4
Qe3 46. Qxe3 Rxe3 47. Kh2 Nxf4 48. Rxf4 {Black forfeits on time} 1-0

[Event "ICCopen2017"]
[Site "Internet Chess Club"]
[Date "2017.03.19"]
[Round "6"]
[White "chigato"]
[Black "e8thatcat"]
[Result "0-1"]
[ICCResult "White resigns"]
[WhiteElo "1643"]
[BlackElo "1401"]
[Opening "Gedult's opening"]
[ECO "A00"]
[Time "20:15:08"]
[TimeControl "180+0"]

1. f3 d5 2. e4 dxe4 3. fxe4 e5 4. Nf3 Bd6 5. Bd3 Bg4 6. Qe2 Nc6 7. c3 Nf6 8.
Bc2 O-O 9. d3 h6 10. Be3 Bh5 11. h3 Nh7 12. Nbd2 Ng5 13. Qf2 Nxf3+ 14. gxf3
Be7 15. O-O-O Bh4 16. Qg2 Bg5 17. Nf1 Bxe3+ 18. Nxe3 Qg5 19. Qf2 Qf4 20. Kb1
Qxf3 21. Qd2 Qe2 22. Qxe2 Bxe2 23. Rde1 Bh5 24. Rhg1 Bg6 25. h4 h5 26. Bb3
Kh7 27. Nf5 Bxf5 28. exf5 g6 29. fxg6+ fxg6 30. a3 Rf4 31. Bf7 Rxf7
{White resigns}
0-1

[Event "ICCopen2017"]
[Site "Internet Chess Club"]
[Date "2017.03.19"]
[Round "6"]
[White "daskapitallesen"]
[Black "Ceejay24"]
[Result "0-1"]
[ICCResult "White resigns"]
[WhiteElo "1844"]
[BlackElo "2233"]
[Opening "Nimzo-Indian: classical variation"]
[ECO "E32"]
[NIC "NI.20"]
[Time "20:16:01"]
[TimeControl "180+0"]

1. d4 Nf6 2. c4 e6 3. Nc3 Bb4 4. Qc2 O-O 5. a3 Bxc3+ 6. Qxc3 d5 7. cxd5 Ne4
8. Qc2 exd5 9. Nf3 Bf5 10. Qb3 c5 11. Qxb7 Qa5+ 12. Bd2 Nxd2 13. Nxd2 Na6
14. Qxd5 Be6 15. Qg5 h6 16. Qe3 cxd4 17. Qxd4 Rfd8 18. Qc3 Qg5 19. Nf3 Qg6
20. e3 Rac8 21. Qa5 Nc5 22. g3 Nb3 23. Rd1 Rxd1+ 24. Kxd1 Nxa5 {White
resigns} 0-1

[Event "ICCopen2017"]
[Site "Internet Chess Club"]
[Date "2017.03.19"]
[Round "6"]
[White "kaens"]
[Black "DaGame"]
[Result "1-0"]
[ICCResult "Black resigns"]
[WhiteElo "2291"]
[BlackElo "2712"]
[Opening "Sicilian: closed"]
[ECO "B23"]
[NIC "SI.44"]
[Time "20:14:29"]
[TimeControl "180+0"]

1. e4 c5 2. Nc3 e6 3. f4 d5 4. Nf3 dxe4 5. Nxe4 Nf6 6. Nf2 Be7 7. b3 O-O 8.
Bb2 b6 9. g3 Bb7 10. Bg2 Nc6 11. O-O Rc8 12. Re1 Qd7 13. Nd3 Rfd8 14. Bc3
Nb4 15. Nde5 Qc7 16. d3 b5 17. Qe2 Nbd5 18. Bb2 Bd6 19. Ng5 Rf8 20. Rad1 h6
21. Ngf3 a5 22. a3 a4 23. c4 bxc4 24. bxc4 Ne7 25. Bc3 Nf5 26. Qd2 Rfd8 27.
Rb1 Bxf3 28. Bxf3 Nd4 29. Bxd4 cxd4 30. Qc2 Bxa3 31. Qxa4 Bd6 32. Rb7 Qc5
33. Nxf7 Rf8 34. Nxd6 Qxd6 35. Qb4 Qxb4 36. Rxb4 Nd7 37. Rxe6 Nc5 38. Rd6
Nxd3 39. Rb3 Nc5 40. Rb5 d3 41. Kg2 Rfd8 42. Bd5+ {Black resigns} 1-0

[Event "ICCopen2017"]
[Site "Internet Chess Club"]
[Date "2017.03.19"]
[Round "6"]
[White "Troy"]
[Black "rovov"]
[Result "0-1"]
[ICCResult "White forfeits on time"]
[WhiteElo "1402"]
[BlackElo "1782"]
[Opening "Queen's bishop game"]
[ECO "D02"]
[NIC "QP.08"]
[Time "20:13:37"]
[TimeControl "180+0"]

1. d4 d5 2. Nf3 Nf6 3. Bf4 Bf5 4. e3 e6 5. c4 c6 6. c5 Qa5+ 7. Nc3 Ne4 8.
Qb3 b5 9. Be2 Nxc3 10. bxc3 Nd7 11. O-O Qd8 12. h3 Be7 13. Ne5 Nxe5 14. Bxe5
O-O 15. a4 a6 16. a5 f6 17. Bh2 Qd7 18. Qb4 Rae8 19. f3 Bd8 20. g4 Bg6 21.
f4 Bc7 22. h4 Be4 23. Qb3 e5 24. f5 exd4 25. cxd4 Bxh2+ 26. Kxh2 Qc7+ 27.
Rf4 Re7 28. Kg3 Rfe8 29. Rc1 Qxa5 30. Rc3 Qc7 31. Bf3 Bxf3 32. Kxf3 a5 33.
Kf2 a4 34. Qa3 Rxe3 35. Rxe3 Qxf4+ 36. Rf3 Qxd4+ 37. Kg3 Re4 38. g5 Rg4+ 39.
Kh2 Rxh4+ 40. Kg2 Rg4+ 41. Rg3 Qe4+ 42. Kh2 Qe2+ 43. Kh3 Rxg3+ 44. Kxg3 Qh5
45. gxf6 Qxf5 46. Qb4 gxf6 47. Qg4+ Qxg4+ 48. Kxg4 a3 49. Kf5 a2 50. Ke6
a1=Q 51. Kd6 Qc1 52. Kxc6 Qxc5+ 53. Kxc5 f5 54. Kxd5 b4 55. Kc4 b3 56. Kxb3
f4 {White forfeits on time} 0-1

[Event "ICCopen2017"]
[Site "Internet Chess Club"]
[Date "2017.03.19"]
[Round "6"]
[White "GrandPatzer5"]
[Black "RnZ"]
[Result "1/2-1/2"]
[ICCResult "White ran out of time and Black has no material to mate"]
[WhiteElo "1853"]
[BlackElo "2030"]
[Opening "Dunst (Sleipner, Heinrichsen) opening"]
[ECO "A00"]
[NIC "VO.15"]
[Time "20:13:37"]
[TimeControl "180+0"]

1. Nc3 d5 2. e4 dxe4 3. Nxe4 e6 4. Nf3 Nf6 5. Nxf6+ Qxf6 6. d4 Nd7 7. Bg5
Qf5 8. Bd3 Qa5+ 9. Bd2 Qb6 10. Bc3 Bb4 11. O-O Bxc3 12. bxc3 O-O 13. Re1 g6
14. h4 c5 15. h5 Qd6 16. hxg6 hxg6 17. Qd2 Kg7 18. Ne5 cxd4 19. cxd4 Qxd4
20. Nf3 Qf6 21. Re4 e5 22. Rae1 Nc5 23. Rxe5 Nxd3 24. Qxd3 Bf5 25. Qb3 b6
26. Nd4 Be6 27. Rxe6 fxe6 28. Nxe6+ Kh7 29. Nxf8+ Rxf8 30. Qh3+ Kg7 31. Qg3
Rf7 32. f3 Qd4+ 33. Qf2 Qc3 34. Re3 Qa1+ 35. Kh2 Qf6 36. Qg3 Rf8 37. Qe1
Rh8+ 38. Kg1 Qd4 39. Kf2 Re8 40. Qe2 Kf7 41. g4 b5 42. c3 Qc5 43. Qd2 Rxe3
44. Qxe3 Qxe3+ 45. Kxe3 Ke6 46. Kd4 Kd6 47. f4 a5 48. f5 gxf5 49. gxf5 Ke7
50. Kc5 b4 51. cxb4 axb4 52. Kxb4 Kf6 53. Kb5 Kxf5 54. Kb6 Ke6 55. a4 Kd7
56. a5 Kc8 57. Ka7 Kc7 58. a6 Kc8
{White ran out of time and Black has no material to mate}
1/2-1/2

[Event "ICCopen2017"]
[Site "Internet Chess Club"]
[Date "2017.03.19"]
[Round "6"]
[White "FytinFrank"]
[Black "Alright2015"]
[Result "0-1"]
[ICCResult "White forfeits on time"]
[WhiteElo "1856"]
[BlackElo "2236"]
[Opening "Scandinavian (center counter) defense"]
[ECO "B01"]
[NIC "VO.17"]
[Time "20:13:57"]
[TimeControl "180+0"]

1. e4 d5 2. Nc3 dxe4 3. f3 exf3 4. Nxf3 c5 5. Bc4 Nf6 6. d3 Nc6 7. O-O Bg4
8. h3 Bh5 9. g4 Bg6 10. Be3 e6 11. Qe1 a6 12. a4 Qc7 13. Qf2 b6 14. Nh4 Bd6
15. Nxg6 hxg6 16. Kg2 Ne5 17. Bb3 Nexg4 18. hxg4 Rh2+ 19. Kf3 Rxf2+ 20. Rxf2
Qc6+ 21. Ke2 Nxg4 22. Rf3 Nxe3 23. Kxe3 O-O-O 24. Rxf7 Be5 25. Ne4 Bd4+ 26.
Kd2 Rh8 27. Raf1 b5 28. axb5 axb5 29. c3 c4 30. Bc2 Rh2+ 31. Kc1 Rxc2+ 32.
Kxc2 cxd3+ 33. Kxd3 Qc4+ 34. Kd2 Be5 35. Rf8+ Kb7 36. R1f7+ Kb6 37. Ke3 b4
38. cxb4 Qb3+ 39. Nc3 Bxc3 40. bxc3 Qxc3+ 41. Ke4 Qxb4+ 42. Ke5 Qe1+ 43. Kd6
Kb5 44. Rb7+ Kc4 45. Rc8+ Kd4 46. Rbc7 Qe5+ 47. Ke7 Qf6+ 48. Ke8 e5 49. Rd8+
Ke3 50. Rf7 Qe6+ 51. Re7 Qg8+ 52. Kd7 Qd5+ 53. Ke8 Qb5+ 54. Kf7 g5 55. Rde8
Kf4 56. Kxg7 g4 57. Kf6 g3 58. Rxe5 Qb2 59. Re6 g2 60. Ke7 Qxe5 61. Rxe5
Kxe5 {White forfeits on time} 0-1

[Event "ICCopen2017"]
[Site "Internet Chess Club"]
[Date "2017.03.19"]
[Round "6"]
[White "MiodragJevtic"]
[Black "zelog"]
[Result "0-1"]
[ICCResult "White forfeits on time"]
[WhiteElo "1812"]
[BlackElo "2057"]
[Opening "French: advance, Paulsen attack"]
[ECO "C02"]
[NIC "FR.03"]
[Time "20:13:26"]
[TimeControl "180+0"]

1. e4 e6 2. d4 d5 3. e5 c5 4. c3 Nc6 5. Nf3 Qb6 6. g3 cxd4 7. cxd4 Nh6 8.
Bh3 Nf5 9. Bxf5 exf5 10. O-O Be6 11. Nc3 h6 12. h4 Be7 13. h5 Rc8 14. Na4
Qb5 15. Bf4 O-O 16. Rc1 b6 17. Nc3 Qa6 18. Qd2 Kh7 19. Rfd1 Rc7 20. Qe3 Rfc8
21. a3 Na5 22. Ne2 Nc4 23. Qb3 b5 24. Be3 Nxe3 25. Qxe3 Qb7 26. Rxc7 Rxc7
27. Rc1 a6 28. Rc3 Qc8 29. Nd2 Bg5 30. f4 Be7 31. Nb3 Rxc3 32. Qxc3 Qc4 33.
Kf2 f6 34. Nc5 Bxc5 35. Qxc4 dxc4 36. dxc5 fxe5 37. fxe5 Bd5 38. Nd4 g6 39.
Ke3 gxh5 40. Kf4 Kg6 41. Nxf5 Kf7 42. Nd4 Ke7 43. c6 Kd8 44. e6 Kc7 45. Ke5
Bxc6 46. Nxc6 Kxc6 47. Kf6 b4 {White forfeits on time} 0-1

[Event "ICCopen2017"]
[Site "Internet Chess Club"]
[Date "2017.03.19"]
[Round "6"]
[White "Jude"]
[Black "elshaddai"]
[Result "1-0"]
[ICCResult "Black forfeits on time"]
[WhiteElo "1941"]
[BlackElo "1680"]
[Opening "Philidor: exchange variation"]
[ECO "C41"]
[NIC "KP.08"]
[Time "20:13:48"]
[TimeControl "180+0"]

1. e4 e5 2. Nf3 d6 3. d4 exd4 4. Qxd4 Nf6 5. Nc3 Be7 6. Bb5+ c6 7. Be2 O-O
8. b3 c5 9. Qd1 a6 10. a4 Nc6 11. Bb2 Bg4 12. h3 Bh5 13. O-O h6 14. Nd2 Bg6
15. f4 Nd4 16. f5 Nxe2+ 17. Qxe2 Bh7 18. Nf3 Nd7 19. Nd5 Bf6 20. Bxf6 Nxf6
21. Qd3 Nxd5 22. Qxd5 Qf6 23. Rad1 Rfe8 24. Rfe1 b5 25. axb5 axb5 26. Qxd6
Qxd6 27. Rxd6 g6 28. f6 g5 29. Nd2 Rad8 30. Rxd8 Rxd8 31. Re2 Kf8 32. Kf2
Ke8 33. Kf3 Kd7 34. Nf1 Ke6 35. e5 Rd4 36. g3 c4 37. bxc4 Rxc4 38. Ne3 Rc3
39. Kf2 b4 40. Ng4 h5 41. Nh2 Bxc2 42. Nf3 g4 43. hxg4 hxg4 44. Nd4+ Kd5 45.
Nxc2 Rf3+ 46. Kg2 b3 47. Ne3+ Ke6 48. Nxg4 Rc3 49. Rb2 Rc2+ 50. Rxc2 bxc2
51. Kh3 c1=Q 52. Nh2 Qg5 53. Kg2 {Black forfeits on time} 1-0

[Event "ICCopen2017"]
[Site "Internet Chess Club"]
[Date "2017.03.19"]
[Round "6"]
[White "iragefree"]
[Black "Chamanx"]
[Result "1-0"]
[ICCResult "Black checkmated"]
[WhiteElo "1633"]
[BlackElo "1292"]
[Opening "Grünfeld: Spassky variation, main line, 10...cd, 11.cd"]
[ECO "D88"]
[NIC "GI.06"]
[Time "20:14:23"]
[TimeControl "180+0"]

1. d4 Nf6 2. c4 g6 3. Nc3 d5 4. cxd5 Nxd5 5. e4 Nxc3 6. bxc3 Bg7 7. Bc4 O-O
8. Ne2 c5 9. Be3 cxd4 10. cxd4 Nc6 11. O-O Be6 12. d5 Bxa1 13. Qxa1 Na5 14.
Bd3 Bc8 15. Bh6 f6 16. Nf4 g5 17. Nh5 Rf7 18. f4 Bg4 19. Ng3 Qb6+ 20. Kh1
gxf4 21. Rxf4 f5 22. Bg5 Qg6 23. h4 h6 24. exf5 Bxf5 25. Bxf5 Rxf5 26. Nxf5
hxg5 27. Nxe7+ Kh7 28. Nxg6 gxf4 29. Nxf4 Rf8 30. Ne6 Rf1+ 31. Qxf1 Nc4 32.
Qf7+ Kh6 33. Qf4+ Kh7 34. Qxc4 b5 35. Qg4 Kh6 36. Qg5+ Kh7 37. Qg7#
{Black checkmated}
1-0

[Event "ICCopen2017"]
[Site "Internet Chess Club"]
[Date "2017.03.19"]
[Round "6"]
[White "Nos"]
[Black "findles"]
[Result "1/2-1/2"]
[ICCResult "White ran out of time and Black has no material to mate"]
[WhiteElo "2198"]
[BlackElo "1847"]
[Opening "Réti: Nimzovich-Larsen attack"]
[ECO "A06"]
[NIC "QP.09"]
[Time "20:14:01"]
[TimeControl "180+0"]

1. Nf3 d5 2. b3 e6 3. Bb2 Nf6 4. c4 Be7 5. g3 O-O 6. Bg2 c5 7. cxd5 Nxd5 8.
O-O Nc6 9. Nc3 Bf6 10. Qc1 b6 11. Nxd5 Bxb2 12. Qxb2 exd5 13. d4 Qf6 14.
Rfd1 Be6 15. e3 Bg4 16. Ne5 Bxd1 17. Nd7 Qd6 18. Nxf8 Bg4 19. dxc5 bxc5 20.
h3 Bf5 21. Rd1 Ne7 22. e4 Bc8 23. Nxh7 Kxh7 24. exd5 Kg8 25. Qe2 Bb7 26. Qb5
Bxd5 27. b4 Rc8 28. Qa5 Qc6 29. Bxd5 Nxd5 30. bxc5 Qxc5 31. Rxd5 Qxa5 32.
Rxa5 Rc7 33. Kg2 g6 34. h4 Kg7 35. Kf3 Kf6 36. Ra6+ Kg7 37. Ke3 Rd7 38. Ke4
f6 39. Ke3 Kf7 40. Ra3 Kg7 41. Rd3 Rb7 42. Rb3 Rc7 43. Kd3 Rd7+ 44. Kc3 Re7
45. Rb2 Rc7+ 46. Kb3 Kh6 47. Ka4 Kh5 48. Ka5 Kg4 49. Rb4+ Kh3 50. Rf4 f5 51.
a4 Kg2 52. Ka6 Kh3 53. a5 Kg2 54. h5 gxh5 55. Rxf5 Re7 56. Rxh5 Kxf2 57. Rg5
Kf3 58. Rg8 Ke4 59. g4 Ke5 60. g5 Kf5 61. g6 Kf6 62. g7 Kf7 63. Ra8 Kxg7 64.
Rxa7 Kf6 65. Rxe7 Kxe7 66. Kb7 Kd6 67. a6 Kc5 68. a7 Kb5 69. a8=Q Kb4 70.
Qa6 Kc5 {White ran out of time and Black has no material to mate} 1/2-1/2

[Event "ICCopen2017"]
[Site "Internet Chess Club"]
[Date "2017.03.19"]
[Round "6"]
[White "BlueJ"]
[Black "Pschaak"]
[Result "0-1"]
[ICCResult "White forfeits on time"]
[WhiteElo "2041"]
[BlackElo "1761"]
[Opening "English: symmetrical variation"]
[ECO "B38"]
[NIC "EO.64"]
[Time "20:13:36"]
[TimeControl "180+0"]

1. c4 c5 2. Nf3 Nc6 3. d4 cxd4 4. Nxd4 Nf6 5. Nc3 g6 6. e4 Bg7 7. Be3 O-O 8.
Be2 d6 9. O-O Bd7 10. f3 a6 11. Qd2 Rc8 12. Rfd1 Nxd4 13. Bxd4 Bc6 14. Rac1
Nd7 15. Be3 Ne5 16. b4 Bd7 17. Nd5 Be6 18. Nb6 Rb8 19. h3 Nd7 20. Nd5 Bxd5
21. cxd5 Rc8 22. Rxc8 Qxc8 23. Rc1 Qb8 24. Qc2 Rd8 25. a4 Bf6 26. a5 Be5 27.
Qc7 Kf8 28. b5 axb5 29. Bxb5 Nc5 30. Qb6 Nb3 31. Rc7 Rc8 32. Rxb7 Qa8 33. a6
Nc5 34. Rc7 Rxc7 35. Qxc7 Nxa6 36. Bxa6 Qxa6 37. Bh6+ Ke8 38. Be3 Qa8 39.
Qb6 Qc8 40. Kf1 Kf8 41. Ke2 Qc4+ 42. Kd2 Kg7 43. Qb1 Bc3+ 44. Kd1 Qf1+ 45.
Kc2 Qe2+ 46. Kxc3 Qxe3+ 47. Qd3 Qxd3+ 48. Kxd3 Kf6 49. Ke3 g5 50. f4 gxf4+
51. Kxf4 Kg6 52. g4 h6 53. h4 Kf6 54. h5 Kg7 55. g5 Kh7 56. Kf5 Kg7 57. g6
fxg6+ 58. hxg6 h5 59. Kg5 h4 60. Kxh4 Kxg6 61. Kg4 Kf6 62. Kf4 Kg6
{White forfeits on time}
0-1

[Event "ICCopen2017"]
[Site "Internet Chess Club"]
[Date "2017.03.19"]
[Round "6"]
[White "chessrex"]
[Black "skewerd"]
[Result "0-1"]
[ICCResult "White forfeits on time"]
[WhiteElo "1956"]
[BlackElo "1730"]
[Opening "Paleface attack"]
[ECO "A45"]
[NIC "QP.07"]
[Time "20:14:05"]
[TimeControl "180+0"]

1. d4 Nf6 2. f3 c5 3. c3 cxd4 4. cxd4 d5 5. e4 dxe4 6. Nc3 exf3 7. Nxf3 Bg4
8. h3 Bh5 9. g4 Bg6 10. Ne5 Nc6 11. Bb5 Rc8 12. Qf3 Qb6 13. g5 Nh5 14. Be3
a6 15. Bxc6+ bxc6 16. O-O Qb7 17. Nxg6 hxg6 18. Qxf7+ Kd8 19. Qxg6 Qd7 20.
Rf3 Kc7 21. Rc1 e6 22. Rf7 Be7 23. Ne4 Rce8 24. d5 Qxd5 25. Bc5 Nf4 26. Rxf4
Bxc5+ 27. Rxc5 Qd1+ 28. Rf1 Qd4+ 29. Kg2 Ref8 30. Rcc1 Qxb2+ 31. Kg1 Rxf1+
32. Rxf1 Qd4+ 33. Rf2 Rxh3 34. Qf7+ Kb6 35. Qf4 Rd3 36. Qc1 Rd1+ 37. Qxd1
Qxd1+ 38. Rf1 Qg4+ 39. Kf2 Qxe4 40. Re1 Qf4+ 41. Kg1 Qxg5+ 42. Kf2 Qc5+
{White forfeits on time}
0-1

[Event "ICCopen2017"]
[Site "Internet Chess Club"]
[Date "2017.03.19"]
[Round "6"]
[White "chesscomet"]
[Black "Ernie1"]
[Result "0-1"]
[ICCResult "White forfeits on time"]
[WhiteElo "1493"]
[BlackElo "1270"]
[Opening "Caro-Kann: closed (Breyer) variation"]
[ECO "B10"]
[NIC "CK.01"]
[Time "20:13:32"]
[TimeControl "180+0"]

1. e4 c6 2. d3 d5 3. Nd2 dxe4 4. dxe4 Nf6 5. Ngf3 Bg4 6. Be2 Bxf3 7. Bxf3 e6
8. O-O Bd6 9. Re1 Qc7 10. Nc4 Bxh2+ 11. Kh1 h5 12. e5 Ng4 13. Nd6+ Kf8 14.
Bxg4 hxg4 15. g3 Bxg3+ 16. Kg2 Bh4 17. Qxg4 Nd7 18. Rh1 Nxe5 19. Qd4 Rd8 20.
Rxh4 Rxh4 21. Qxh4 Qxd6 22. Bf4 Qd5+ 23. Kg3 Ng6 24. Qg5 Nxf4 25. Qxf4 Qd6
26. Qxd6+ Rxd6 27. Rh1 Ke7 28. Rh7 g6 29. Rh8 Rd2 30. Rb8 b5 31. Rb7+ Kf6
32. Rxa7 Rxc2 33. b3 c5 34. a4 bxa4 35. bxa4 c4 36. Rc7 c3 37. Rc5 Rc1 38.
a5 Ra1 39. Rxc3 Rxa5 40. f4 Rf5 41. Kf3 g5 42. Rc4 Rxf4+ 43. Rxf4+ gxf4 44.
Kxf4 Ke7 45. Ke3 f6 46. Kf3 e5 47. Ke3 Kd6 48. Kf3 Ke6 49. Ke4 Kd6 50. Ke3
Ke6 51. Kf3 f5 52. Ke3 Kd5 53. Kf3 e4+ 54. Kf4 Kd4 {White forfeits on time}
0-1

[Event "ICCopen2017"]
[Site "Internet Chess Club"]
[Date "2017.03.19"]
[Round "6"]
[White "sravanrenjith"]
[Black "ROWLAND"]
[Result "1-0"]
[ICCResult "Black checkmated"]
[WhiteElo "1520"]
[BlackElo "1453"]
[Opening "Queen's bishop game"]
[ECO "D02"]
[NIC "QP.06"]
[Time "20:14:16"]
[TimeControl "180+0"]

1. d4 Nf6 2. Nf3 d5 3. Bf4 g6 4. e3 Bg7 5. h3 O-O 6. Be2 c5 7. Nbd2 Nc6 8.
O-O cxd4 9. exd4 Re8 10. c3 Nh5 11. Bh2 e5 12. dxe5 Bh6 13. Nb3 a6 14. Nbd4
Nxe5 15. Nxe5 Nf4 16. Bxf4 Bxf4 17. Nd3 Bc7 18. Bf3 Qg5 19. Qc1 Qh4 20. Bxd5
Bxh3 21. Nf3 Qg4 22. Qg5 Qxg5 23. Nxg5 Bf5 24. Bxf7+ Kg7 25. Bxe8 Rxe8 26.
Nc5 Re5 27. Nb3 Bd3 28. Nf3 Rh5 29. Rfd1 Be2 30. Rd7+ Kh6 31. Rxc7 Bxf3 32.
gxf3 Rg5+ 33. Kf1 Rh5 34. Ke2 a5 35. Nd2 b5 36. Ne4 Re5 37. Rc5 Kg7 38. Rxe5
g5 39. Rxb5 h6 40. Rxa5 Kg6 41. Ra7 Kf5 42. b4 h5 43. b5 h4 44. b6 h3 45. b7
h2 46. b8=Q Kg6 47. Qg8+ Kf5 48. Qf7+ Ke5 49. Qf6+ Kd5 50. Qd6+ Kc4 51. Qc5#
{Black checkmated}
1-0

[Event "ICCopen2017"]
[Site "Internet Chess Club"]
[Date "2017.03.19"]
[Round "6"]
[White "ComeonJimtal"]
[Black "demchog97"]
[Result "0-1"]
[ICCResult "White resigns"]
[WhiteElo "1734"]
[BlackElo "1969"]
[Opening "King's pawn opening"]
[ECO "B07"]
[NIC "VO.17"]
[Time "20:15:25"]
[TimeControl "180+0"]

1. e4 d6 2. d4 g6 3. f4 Bg7 4. Nf3 Nf6 5. Bd3 O-O 6. h3 e5 7. dxe5 dxe5 8.
Nxe5 Nxe4 9. Bxe4 Qh4+ 10. g3 Qxg3+ 11. Kf1 Bxh3+ 12. Rxh3 Qxh3+ 13. Bg2 Qe6
14. Bxb7 Na6 15. Bxa8 Rxa8 16. Qf3 Rd8 17. Nc3 Nb4 18. Be3 Nxc2 19. Rd1
Nxe3+ 20. Qxe3 Rxd1+ 21. Nxd1 f6 22. Qb3 Qxb3 23. axb3 fxe5 24. fxe5 Bxe5
25. Ne3 Bxb2 26. Nd5 Be5 27. Ke2 Kf7 28. Kf3 Ke6 29. Ke4 h5 30. Ne3 h4 31.
Ng4 h3 32. Kf3 h2 33. Nf2 Kf5 34. Kg2 g5 35. Nh1 Ke4 36. Nf2+ Kd4 37. b4 Kc4
38. Kh1 Kxb4 39. Nd3+ Kb3 40. Nxe5 a5 41. Kxh2 a4 42. Nd3 a3 43. Kg3 a2 44.
Nc1+ Kb2 45. Nxa2 Kxa2 46. Kg4 c5 47. Kxg5 c4 48. Kf4 c3 49. Ke3 c2 50. Kd2
Kb2 51. Kd3 c1=Q {White resigns} 0-1

[Event "ICCopen2017"]
[Site "Internet Chess Club"]
[Date "2017.03.19"]
[Round "6"]
[White "BlackHorse96"]
[Black "Indiana-Jones"]
[Result "1-0"]
[ICCResult "Black resigns"]
[WhiteElo "3112"]
[BlackElo "2746"]
[Opening "Sicilian"]
[ECO "B50"]
[NIC "SI.01"]
[Time "20:14:42"]
[TimeControl "180+0"]

1. e4 c5 2. Nf3 d6 3. c3 Nf6 4. h3 Bd7 5. Bd3 Bc6 6. Qe2 Nbd7 7. O-O c4 8.
Bxc4 Nxe4 9. d4 d5 10. Bb3 e6 11. Nbd2 Nxd2 12. Bxd2 Be7 13. Rae1 Qb6 14.
Ne5 Nxe5 15. Qxe5 O-O 16. Re3 Bf6 17. Qf4 a5 18. Rg3 Kh8 19. Bc1 Bb5 20. Re1
Bc4 21. Bc2 Bxa2 22. h4 Bb3 23. Bb1 a4 24. h5 Qd8 25. Qg4 Rg8 26. Rf3 Qe7
27. h6 gxh6 28. Qh5 Rg6 29. Bxg6 fxg6 30. Qxh6 Re8 31. Bf4 Bc2 32. Rfe3 Bf5
33. f3 Bg7 34. Qh2 Qf7 35. g4 Bc2 36. Be5 Bb3 37. Bxg7+ Kxg7 38. Qd6 Kh6 39.
Kg2 Kg7 40. Rxe6 {Black resigns} 1-0

[Event "ICCopen2017"]
[Site "Internet Chess Club"]
[Date "2017.03.19"]
[Round "6"]
[White "CeffylGlas"]
[Black "TaijiChess22"]
[Result "0-1"]
[ICCResult "White forfeits on time"]
[WhiteElo "1269"]
[BlackElo "1773"]
[Opening "Benoni defense"]
[ECO "A56"]
[NIC "OI.06"]
[Time "20:13:42"]
[TimeControl "180+0"]

1. c4 Nf6 2. d4 c5 3. e3 cxd4 4. exd4 g6 5. g3 Bg7 6. Bg2 O-O 7. Ne2 d5 8.
Nbc3 dxc4 9. a4 Nc6 10. Nf4 e6 11. Nce2 Nd5 12. O-O Nce7 13. Nh3 Qb6 14.
Nhf4 Bd7 15. Qc2 Rac8 16. Rd1 Nf5 17. g4 Nfe7 18. h4 Nb4 19. Qb1 Bc6 20. d5
exd5 21. Be3 Qc7 22. Nd4 Bd7 23. Nb5 Bxb5 24. axb5 b6 25. Bd2 Rfe8 26. Nh3
Nd3 27. Be3 d4 28. Bd2 Qd7 29. Rf1 Qxg4 30. f3 Qg3 31. Qc2 Qxh4 32. b3 Be5
33. bxc4 Nf4 34. Bxf4 Bxf4 35. Nxf4 Qxf4 36. Qf2 Red8 37. Rac1 d3 38. Rfd1
d2 39. Rc2 Rxc4 40. Rcxd2 Rxd2 41. Qxd2 Qxd2 42. Rxd2 Rc1+ 43. Kf2 Rb1 44.
Rd8+ Kg7 45. Rd7 Nf5 46. Rxa7 Rxb5 47. Rb7 Rb2+ 48. Kg1 b5 49. Kh2 b4 50. f4
Ne3 51. Kg3 Nxg2 52. Kf3 Ne1+ 53. Ke4 b3 54. Kd5 Kf6 55. Kc4 Rc2+ 56. Kxb3
Rf2 {White forfeits on time} 0-1

[Event "ICCopen2017"]
[Site "Internet Chess Club"]
[Date "2017.03.19"]
[Round "6"]
[White "kfactor"]
[Black "qs16"]
[Result "0-1"]
[ICCResult "White forfeits on time"]
[WhiteElo "1328"]
[BlackElo "1355"]
[Opening "Queen's pawn game"]
[ECO "D00"]
[NIC "QP.08"]
[Time "20:14:44"]
[TimeControl "180+0"]

1. d4 d5 2. c3 c6 3. Bf4 Bf5 4. e3 Nf6 5. Bg5 Nbd7 6. Bd3 Bxd3 7. Qxd3 e6 8.
Nd2 Be7 9. f4 h6 10. Bh4 Nh5 11. Bxe7 Qxe7 12. Qe2 Qh4+ 13. Kd1 Nhf6 14.
Ngf3 Qh5 15. h3 Ne4 16. Nxe4 dxe4 17. Ng1 Qg6 18. Kc2 O-O 19. Rf1 f5 20. Qf2
Rac8 21. Ne2 Nf6 22. Qh4 Nd7 23. g4 c5 24. gxf5 exf5 25. Rfg1 Qf6 26. Qg3
Qf7 27. Kb1 Nb6 28. Qg6 Qxg6 29. Rxg6 Rf6 30. Rhg1 Rcc6 31. R6g2 Nc4 32. h4
Rc7 33. Rg6 Rxg6 34. Rxg6 Nxe3 35. dxc5 Rxc5 36. Nd4 Rc7 37. Re6 Ng4 38. Nb5
Rc6 39. Re8+ Kf7 40. Rb8 b6 41. Nd4 Rd6 42. Rb7+ Kg8 43. Nxf5 Re6 44. Kc2 e3
45. Rb8+ Kh7 {White forfeits on time} 0-1